 Dungeon Crawl Stone Soup version 0.31-a0-231-g51bb95cda3 (webtiles) character file.

Game seed: 13701669980595145596

1717 qw the Skirmisher (level 8, -1/71 HPs)
             Began as a Minotaur Hexslinger on July 6, 2023.
             Succumbed to a killer bee's poison
             ... on level 7 of the Dungeon.
             The game lasted 00:02:20 (5076 turns).

qw the Skirmisher (Minotaur Hexslinger)             Turns: 5076, Time: 00:02:21

Health: -1/71      AC: 10    Str: 12    XL:     8   Next: 74%
Magic:  2/8        EV: 12    Int: 10    God:
Gold:   104        SH:  0    Dex: 19    Spells: 8/9 levels left

rFire   + + .        Y - +3 sling
rCold   . . .        (no shield)
rNeg    . . .        l - +0 ring mail
rPois   .            (helmet restricted)
rElec   .            o - +1 cloak
rCorr   .            m - +2 pair of gloves {Dex+3}
SInv    .            (no boots)
Will    .....        h - amulet of guardian spirit
Stlth   +            f - ring of protection from fire
HPRegen 0.31/turn    c - ring of protection from fire
MPRegen 0.11/turn

%: guardian spirit
@: lethally poisoned (-1 -> -13)
A: horns 2, retaliatory headbutt
a: no special abilities


You were on level 7 of the Dungeon.
You visited 1 branch of the dungeon, and saw 7 of its levels.

You collected 368 gold pieces.
You spent 264 gold pieces at shops.


Innate Abilities, Weirdness & Mutations

You have a pair of horns on your head.
You reflexively headbutt those who attack you in melee.


   Skills:
 + Level 6.4 Fighting
 - Level 10.0 Ranged Weapons
 - Level 3.1 Armour
 - Level 4.0 Dodging
 - Level 1.0 Spellcasting
 - Level 2.0 Hexes


You had 8 spell levels left.
You knew the following spells:

 Your Spells              Type           Power      Damage    Failure   Level
a - Slow                  Hex            16%        N/A       32%         1

Your spell library contained the following spells:

 Spells                   Type           Power      Damage    Failure   Level
 Inner Flame              Hex/Fire       2%         N/A       82%         3
 Portal Projectile        Hex/Tloc       4%         N/A       82%         3
 Cause Fear               Hex            2%         N/A       97%         4

Inventory:

Hand Weapons
 Y - a +3 sling (weapon)
Armour
 l - a +0 ring mail (worn)
 m - a +2 pair of gloves of dexterity (worn)
 o - a +1 cloak (worn)
Jewellery
 c - a ring of protection from fire (right hand)
 f - a ring of protection from fire (left hand)
 h - an amulet of guardian spirit (around neck)
 i - a ring of ice
Scrolls
 a - a scroll of identify
Potions
 d - 2 potions of curing
 e - 5 potions of mutation
 g - 2 potions of enlightenment
 k - a potion of attraction {unknown}
 p - a potion of resistance {unknown}

Dungeon Overview and Level Annotations

Branches:
Dungeon (7/15)
 Temple: D:4-7

Altars:
Gozag

Shops:
D:5 !


Message History

You shoot a sling bullet. The sling bullet hits the killer bee.
The killer bee is almost dead.
You feel very sick.
The killer bee stings you. x2; The killer bee closely misses you.
The killer bee stings you but does no damage.
You shoot a sling bullet. The sling bullet hits the killer bee.
You kill the killer bee!
You feel very sick. The killer bee misses you.
The killer bee barely misses you. The killer bee stings you.
5072 ||| DRINKING potion of heal wounds.
You feel much better.
You feel very sick. The killer bee barely misses you.
The killer bee stings you.
The killer bee stings you but does no damage.
The killer bee stings you.
You are more poisoned.
The killer bee poisons you!
You shoot a sling bullet.
The sling bullet hits the killer bee but does no damage.
The killer bee is moderately wounded.
You feel very sick. The killer bee stings you! The killer bee stings you.
The killer bee completely misses you. The killer bee closely misses you.
You shoot a sling bullet. The sling bullet hits the killer bee!
The killer bee is severely wounded.
You feel very sick.
The killer bee stings you but does no damage.
The killer bee misses you. The killer bee stings you. x2
You are more poisoned.
The killer bee poisons you!
You shoot a sling bullet. The sling bullet hits the killer bee.
The killer bee is almost dead.
You feel very sick.
The killer bee stings you but does no damage.
The killer bee misses you. You furiously retaliate!
You headbutt the killer bee! The killer bee closely misses you.
The killer bee barely misses you.
You shoot a sling bullet. The sling bullet hits the killer bee.
You kill the killer bee!
You die...

.... ###..##
#.# .... #..
#.# #.# #.# #.#
##.# #..# ##.##
#%@# #y##
^.....yF.y.....
.......y..y#...
.....#..####
.^^......
.^^...... ...
.....
..........


You could see a bullfrog and 3 killer bees.

Vanquished Creatures
  Eustachio (D:4)
  An ice beast (D:6)
  5 ogres
  A kobold brigand (D:5)
  3 scorpions
  A gnoll sergeant (D:6)
  4 killer bees (D:7)
  3 jellies
  2 hounds
  2 iguanas
  2 orc priests
  Terence (D:3)
  4 orc wizards
  4 adders
  6 gnolls
  A shadow imp (D:6)
  2 white imps (D:5)
  An ufetubus (D:5)
  2 worms (D:2)
  3 dart slugs
  18 orcs
  7 endoplasms
  6 giant cockroaches
  18 goblins
  4 hobgoblins
  14 jackals
  12 kobolds
  6 quokkas
  9 ball pythons
  5 bats
  4 frilled lizards
  9 rats
161 creatures vanquished.

Vanquished Creatures (others)
  An orc wizard (D:5)
1 creature vanquished.

Grand Total: 162 creatures vanquished

Notes
Turn   | Place    | Note
-------+----------+-------------------------------------------
     0 | D:1      | qw the Minotaur Hexslinger began the quest for the Orb.
     0 | D:1      | Reached XP level 1. HP: 16/16 MP: 1/1
     0 | D:1      | 0 ||| qw: Version: 0.3-a-46-gb1f654a
     0 | D:1      | 0 ||| qw: Game counter: 1871
     0 | D:1      | 0 ||| qw: Melee chars always use a shield: true
     0 | D:1      | 0 ||| qw: God list: Okawaru
     0 | D:1      | 0 ||| qw: Allow faded altars: false
     0 | D:1      | 0 ||| qw: Do Orc after clearing Dungeon:15 true
     0 | D:1      | 0 ||| qw: Do second Lair branch before Depths: true
     0 | D:1      | 0 ||| qw: Lair rune preference: random
     0 | D:1      | 0 ||| qw: Goals: Normal
     0 | D:1      | 0 ||| PLANNING D:1-11
    76 | D:1      | Reached skill level 3 in Ranged Weapons
    76 | D:1      | Reached XP level 2. HP: 21/23 MP: 2/2
   206 | D:1      | Found a faded altar of an unknown god.
   647 | D:1      | 647 ||| UPGRADING to amulet of guardian spirit.
   652 | D:1      | 652 ||| UPGRADING to ring of protection from fire.
   653 | D:1      | 653 ||| READING 2 scrolls labelled KIXTIE SAERU.
   654 | D:1      | 654 ||| READING scroll labelled SULIYBL KESIMM.
   655 | D:1      | 655 ||| READING scroll labelled KUBRORAOHO.
   658 | D:1      | 658 ||| DRINKING 3 sedimented red potions.
   659 | D:1      | 659 ||| DRINKING 2 fuming pink potions.
   764 | D:1      | 764 ||| DROPPING scroll of poison.
   765 | D:1      | 765 ||| DROPPING potion of berserk rage.
   792 | D:2      | Reached XP level 3. HP: 29/29 MP: 3/3
   940 | D:2      | 940 ||| DRINKING 2 potions of curing.
   940 | D:2      | 940 ||| (to cure confusion)
   945 | D:2      | Reached skill level 4 in Ranged Weapons
   945 | D:2      | 945 ||| FLEEEEING.
   946 | D:2      | 946 ||| FLEEEEING.
   947 | D:2      | 947 ||| FLEEEEING.
   948 | D:2      | 948 ||| FLEEEEING.
   949 | D:2      | 949 ||| FLEEEEING.
   950 | D:2      | 950 ||| FLEEEEING.
   951 | D:2      | 951 ||| FLEEEEING.
   952 | D:2      | 952 ||| FLEEEEING.
   953 | D:2      | 953 ||| FLEEEEING.
   954 | D:2      | 954 ||| FLEEEEING.
   955 | D:2      | 955 ||| FLEEEEING.
   957 | D:2      | 957 ||| STAIRDANCE
  1006 | D:2      | 1006 ||| STAIRDANCE
  1013 | D:1      | HP: 7/29 [orc/+0 hand axe (5)]
  1014 | D:1      | 1014 ||| READING scroll of teleportation.
  1015 | D:1      | Reached XP level 4. HP: 9/36 MP: 1/4
  1141 | D:1      | 1141 ||| UPGRADING to +0 ring mail.
  1151 | D:1      | 1151 ||| DROPPING +0 robe.
  1168 | D:2      | Reached skill level 1 in Armour
  1763 | D:2      | 1763 ||| UPGRADING to +0 pair of gloves of dexterity.
  1768 | D:2      | 1768 ||| READING scroll of enchant armour.
  1768 | D:2      | 1768 ||| ENCHANTING +0 pair of gloves of dexterity.
  1769 | D:2      | 1769 ||| UPGRADING to ring of protection from fire.
  1770 | D:2      | 1770 ||| READING 2 scrolls of identify.
  1770 | D:2      | 1770 ||| IDENTIFYING green potion
  1798 | D:3      | Reached skill level 5 in Ranged Weapons
  1972 | D:3      | 1972 ||| READING scroll of enchant armour.
  1972 | D:3      | 1972 ||| ENCHANTING +1 pair of gloves of dexterity.
  2046 | D:3      | Reached skill level 3 in Fighting
  2046 | D:3      | Reached XP level 5. HP: 43/45 MP: 5/5
  2080 | D:3      | Noticed Terence
  2086 | D:3      | Killed Terence
  2424 | D:3      | 2424 ||| READING scroll labelled FEYRADUMID.
  2425 | D:3      | 2425 ||| READING scroll labelled OBUTUKHO SER.
  2426 | D:3      | 2426 ||| READING scroll labelled JIDOREUNIH.
  2427 | D:3      | 2427 ||| READING scroll labelled FOITUHA TIUWN.
  2428 | D:3      | 2428 ||| DRINKING 2 fizzy orange potions.
  2542 | D:4      | Reached skill level 6 in Ranged Weapons
  2597 | D:4      | Noticed an ogre
  2608 | D:4      | HP: 9/45 [ogre/+0 giant club (21)]
  2609 | D:4      | 2609 ||| READING scroll of teleportation.
  2610 | D:4      | 2610 ||| DRINKING 2 potions of heal wounds.
  2629 | D:4      | HP: 11/45 [something/magic dart (3)]
  2636 | D:4      | Reached XP level 6. HP: 13/51 MP: 2/6
  2912 | D:4      | Noticed Eustachio
  2933 | D:4      | Killed Eustachio
  2934 | D:4      | Reached skill level 7 in Ranged Weapons
  2934 | D:4      | Reached XP level 7. HP: 48/60 MP: 7/7
  3237 | D:4      | 3237 ||| READING scroll labelled BIESYL RURANESM.
  3238 | D:4      | 3238 ||| DRINKING 2 red potions.
  3259 | D:5      | Entered Level 5 of the Dungeon
  3265 | D:5      | 3265 ||| STAIRDANCE
  3363 | D:5      | Reached skill level 8 in Ranged Weapons
  3403 | D:5      | Reached skill level 3 in Armour
  3684 | D:5      | Found Xaoled's Distillery.
  3687 | D:5      | 3687 ||| BUYING 2 potions of mutation (176 gold).
  3687 | D:5      | Bought 2 potions of mutation for 176 gold pieces
  3687 | D:5      | 3687 ||| BUYING potion of curing (33 gold).
  3687 | D:5      | Bought a potion of curing for 33 gold pieces
  3687 | D:5      | 3687 ||| BUYING potion of enlightenment (55 gold).
  3687 | D:5      | Bought a potion of enlightenment for 55 gold pieces
  3687 | D:5      | 3687 ||| SHOPLISTING potion of enlightenment (55 gold, have
                  | 30).
  3687 | D:5      | 3687 ||| SHOPLISTING potion of heal wounds (55 gold, have
                  | 30).
  3769 | D:5      | Reached skill level 3 in Dodging
  3905 | D:5      | 3905 ||| UPGRADING to +0 cloak.
  3910 | D:5      | 3910 ||| READING scroll of enchant armour.
  3910 | D:5      | 3910 ||| ENCHANTING +0 cloak.
  3911 | D:5      | 3911 ||| READING scroll labelled WIJUUPHARGHIYN.
  3912 | D:5      | 3912 ||| READING 2 scrolls of identify.
  3912 | D:5      | 3912 ||| IDENTIFYING bubbling cyan potion
  3913 | D:5      | 3913 ||| DROPPING potion of ambrosia.
  3936 | D:6      | 3936 ||| STAIRDANCE
  4030 | D:6      | 4030 ||| STAIRDANCE
  4037 | D:5      | Reached XP level 8. HP: 19/68 MP: 3/8
  4038 | D:5      | HP: 10/68 [ogre/+0 giant club (8)]
  4039 | D:5      | 4039 ||| DRINKING potion of heal wounds.
  4200 | D:6      | 4200 ||| STAIRDANCE
  4203 | D:5      | HP: 12/68 [ogre/+0 giant spiked club (27)]
  4208 | D:5      | Reached skill level 9 in Ranged Weapons
  4390 | D:6      | 4390 ||| STAIRDANCE
  4475 | D:6      | Reached skill level 6 in Fighting
  4572 | D:6      | 4572 ||| READING scroll of enchant weapon.
  4572 | D:6      | 4572 ||| ENCHANTING +2 sling.
  4867 | D:6      | Found an opulent altar of Gozag.
  4872 | D:6      | 4872 ||| READING 2 scrolls of identify.
  4872 | D:6      | 4872 ||| IDENTIFYING brown potion
  4873 | D:6      | 4873 ||| DROPPING potion of degeneration.
  4910 | D:7      | 4910 ||| STAIRDANCE
  4915 | D:6      | Reached skill level 10 in Ranged Weapons
  5065 | D:7      | 5065 ||| Stepping ~*~*~tactically~*~*~ (outnumbered).
  5071 | D:7      | HP: 14/70 [killer bee (4)]
  5072 | D:7      | 5072 ||| DRINKING potion of heal wounds.
  5074 | D:7      | HP: 6/71 [killer bee (3)]
  5075 | D:7      | HP: 2/71 [poisoned by a killer bee]
  5076 | D:7      | Succumbed to a killer bee's poison

Levels and vault maps discovered:
D:1:      minmay_arrival_doors, layout_loops_cross,
          shapermc_ecumenical_altar_ellora, minmay_misc_feat_room
D:2:      layout_loops_cross, hangedman_decor_slide_cut
D:3:      layout_loops_ring, uniq_terence
D:4:      layout_loops_cross, minmay_ogre_servants, uniq_eustachio
D:5:      layout_rooms, serial_shops, nicolae_shop_real_fake_doors,
          grunt_decor_cap
D:6:      minmay_inner_zag, layout_cave_pools, lemuel_tele_altar
D:7:      layout_rooms, mainiacjoe_overflow_alcove_2, temple_fountains,
          minmay_holes

Skill      XL: |  1  2  3  4  5  6  7  8 |
---------------+-------------------------+-----
Ranged Weapons | 3 4 5 6 7 8 10 | 10.0
Fighting       | 2 3 4 5 6 |  6.4
Armour         | 1 3 |  3.1
Dodging        | 3 4 |  4.0
Spellcasting   | |  1.0
Hexes          | |  2.0

Action                     |  1- 3 |  4- 6 |  7- 9 || total
---------------------------+-------+-------+-------++-------
   Fire: Sling             |   101 |   203 |   250 ||   554
    Use: Scroll            |     4 |     8 |     6 ||    18
         Potion            |     3 |     2 |     3 ||     8
 Armour: Robe              |     7 |       |       ||     7
         Ring mail         |       |    55 |    77 ||   132
  Dodge: Dodged            |    31 |    82 |    99 ||   212

Table legend:
 A = Non-vault XP
 B = Vault XP
 C = Vault XP percentage of total XP
 D = Non-vault monster count
 E = Vault monster count
 F = Vault count percentage of total count
                 A         B        C        D         E       F
            +---------+---------+-------+---------+---------+-------
      Total |    2024 |     492 |  19.6 |     147 |      15 |   9.3
            +---------+---------+-------+---------+---------+-------
        D:1 |      45 |       0 |   0.0 |      26 |       0 |   0.0
        D:2 |      97 |       0 |   0.0 |      25 |       0 |   0.0
        D:3 |      75 |      38 |  33.6 |      21 |       1 |   4.5
        D:4 |     384 |     303 |  44.1 |      28 |      10 |  26.3
        D:5 |     811 |       0 |   0.0 |      27 |       0 |   0.0
        D:6 |     325 |     151 |  31.7 |      14 |       4 |  22.2
        D:7 |     287 |       0 |   0.0 |       6 |       0 |   0.0
            +---------+---------+-------+---------+---------+-------
